 Dungeon Crawl Stone Soup version 0.20.1-1-g8b1a95d (webtiles) character file.

2702 equalderp2856 the Cleaver (level 9, -4/75 HPs)
             Began as a Minotaur Fighter on Oct 17, 2017.
             Slain by a killer bee (5 damage)
             ... on level 9 of the Dungeon.
             The game lasted 00:11:23 (7101 turns).

equalderp2856 the Cleaver (Minotaur Fighter)        Turns: 7101, Time: 00:11:24

Health: -4/75      AC: 14    Str: 22    XL:     9   Next: 38%
Magic:  6/8        EV:  6    Int:  6    God:
Gold:   393        SH: 12    Dex: 14    Spells: 8/8 levels left

rFire    . . .     SeeInvis .   C - +1 war axe (chop)
rCold    . . .     Gourm    .   c - +1 shield
rNeg     . . .     Faith    .   E - +0 plate armour (curse)
rPois    .         Spirit   .   (helmet restricted)
rElec    .         Reflect  .   (no cloak)
rCorr    .         Harm     .   (no gloves)
MR       .....                  I - +0 pair of boots
Stlth    ..........             H - amulet of rage
Regen    0.3/turn               l - +3 ring of dexterity
MPRegen  0.2/turn               (no ring)

@: lethally poisoned (-4 -> -41), slowed, very slow
A: retaliatory headbutt, horns 2
a: Evoke Berserk Rage


You were on level 9 of the Dungeon.
You were not hungry.

You visited 1 branch of the dungeon, and saw 9 of its levels.

You collected 393 gold pieces.

Inventory:

Hand Weapons
 a - a +0 war axe
 v - a +0 trident
 x - a +2 scythe of slicing
 C - a +1 war axe of chopping (weapon)
Armour
 b - a +0 scale mail
 c - a +1 shield (worn)
 w - a +0 chain mail
 E - a cursed +0 plate armour (worn)
 I - a +0 pair of boots (worn)
Jewellery
 l - a +3 ring of dexterity (left hand)
 H - an amulet of rage (around neck)
Wands
 z - a wand of disintegration (16/24)
 B - a wand of flame (33/48)
 D - a wand of iceblast (11/15)
 J - a wand of acid (5/15)
Scrolls
 e - 3 scrolls of enchant armour
 g - 4 scrolls of enchant weapon
 i - 7 scrolls of remove curse
 n - 2 scrolls of fog
 p - a scroll of noise {unknown}
 t - 2 scrolls of recharging {unknown}
 u - a scroll of blinking {unknown}
 y - a scroll of magic mapping {unknown}
 A - a scroll of identify
 F - a scroll of fear {unknown}
 L - a scroll of holy word {unknown}
Potions
 d - a potion of might
 h - a potion of heal wounds
 k - a potion of lignification {unknown}
 m - a potion of agility {unknown}
 s - 3 potions of curing {unknown}
 G - 3 potions of cancellation {unknown}
 K - 2 potions of flight {unknown}
Books
 q - a book of Cantrips

   Spells                             Type                      Level
   a - Confusing Touch                Hexes                        1
   b - Animate Skeleton               Necromancy                   1
   c - Summon Small Mammal            Summoning                    1
   d - Apportation                    Translocation                1
Comestibles
 f - 4 bread rations
 j - 4 royal jellies
 o - 7 fruits
 r - 2 meat rations


   Skills:
 + Level 6.2 Fighting
 + Level 9.3(10.0) Axes
 + Level 5.4(8.1) Polearms
 + Level 7.3 Armour
 + Level 2.1 Dodging
 + Level 1.0 Stealth
 + Level 7.7 Shields


You had 8 spell levels left.
You didn't know any spells.

Dungeon Overview and Level Annotations

Branches:
Dungeon (9/15)             Temple (0/1) D:5
   Lair: D:8-11         Orc: D:9-12

Altars:
Gozag
Nemelex Xobeh
Ru
The Shining One


Innate Abilities, Weirdness & Mutations

You reflexively headbutt those who attack you in melee.
You have a pair of horns on your head.


Message History

The killer bee stings you but does no damage.
The hornet stings you.
* * * LOW HITPOINT WARNING * * *
You are lethally poisoned!
You feel as though you will be slow longer.
The killer bee stings you but does no damage.
You block the killer bee's attack. The killer bee stings you.
* * * LOW HITPOINT WARNING * * *
You are more poisoned.
The killer bee poisons you!
The killer bee stings you but does no damage.
The hornet stings you!
* * * LOW HITPOINT WARNING * * *
You feel as though you will be slow longer.
The killer bee stings you.
* * * LOW HITPOINT WARNING * * *
You are more poisoned.
The killer bee poisons you! You block the killer bee's attack.
You block the orc's attack. The killer bee stings you.
You die...

. .. # ...
#.############....
#.y@yyo(..........
#.yyy.............
#...oo....(.......
#.................
#......<..........
#.................
#.................
#.................
#.................


You could see a hornet, an orc warrior, 5 killer bees and 2 orcs.

Vanquished Creatures
  Sigmund (D:4)
  Edmund (D:4)
  The ghost of dscm the Sneak, an amateur OpEE (D:5)
  2 orc warriors (D:7)
  2 ice beasts
  2 phantoms (D:4)
  An eye of draining (D:9)
  3 ogres (D:8)
  2 centaurs (D:8)
  2 bullfrogs
  A scorpion (D:8)
  A water moccasin skeleton (D:8)
  A killer bee (D:9)
  A wight (D:5)
  5 howler monkeys
  A crimson imp (D:8)
  2 hounds
  A jelly (D:8)
  4 orc priests
  3 orc wizards
  A centaur skeleton (D:7)
  4 worker ants
  5 gnolls
  12 adders
  A shadow imp (D:7)
  2 oozes
  5 worms
  The ghost of dscm the Shield-Bearer, a weakling OpFi (D:4)
  2 dart slugs
  7 leopard geckos
  24 orcs
  A giant cockroach (D:5)
  12 goblins
  9 hobgoblins
  15 jackals
  4 quokkas
  2 ball pythons
  A ball python skeleton (D:4)
  4 bats
  4 frilled lizards
  2 jackal skeletons
  7 kobolds
  A leopard gecko skeleton (D:3)
  4 rats
167 creatures vanquished.

Notes
Turn   | Place    | Note
-------+----------+-------------------------------------------
     0 | D:1      | equalderp2856 the Minotaur Fighter began the quest for the Orb.
     0 | D:1      | Reached XP level 1. HP: 19/19 MP: 0/0
    19 | D:1      | Reached XP level 2. HP: 25/27 MP: 1/1
   477 | D:1      | Reached XP level 3. HP: 26/33 MP: 2/2
   957 | D:2      | Found a faded altar of an unknown god.
  1390 | D:2      | Reached skill level 3 in Axes
  1573 | D:2      | You fall through a shaft!
  1627 | D:3      | Reached XP level 4. HP: 14/40 MP: 3/3
  2039 | D:3      | Reached skill level 1 in Dodging
  2201 | D:3      | Reached skill level 4 in Axes
  2212 | D:3      | Reached XP level 5. HP: 44/46 MP: 4/4
  2527 | D:3      | Found a sparkling altar of Nemelex Xobeh.
  3038 | D:4      | Noticed a phantom
  3060 | D:4      | Killed a phantom
  3060 | D:4      | Reached skill level 5 in Axes
  3060 | D:4      | Reached skill level 5 in Armour
  3060 | D:4      | Reached XP level 6. HP: 40/53 MP: 5/5
  3074 | D:4      | Found an opulent altar of Gozag.
  3137 | D:4      | Noticed Sigmund
  3145 | D:4      | Noticed dscm's ghost (weakling OpFi)
  3177 | D:5      | Entered Level 5 of the Dungeon
  3177 | D:5      | Noticed dscm's ghost (amateur OpEE)
  3414 | D:4      | Killed Sigmund
  3414 | D:4      | Reached skill level 5 in Shields
  3920 | D:4      | Killed dscm's ghost
  4126 | D:4      | Reached XP level 7. HP: 60/60 MP: 6/6
  4224 | D:5      | Killed dscm's ghost
  4261 | D:5      | Noticed Edmund
  4394 | D:4      | Killed Edmund
  4528 | D:5      | Found a staircase to the Ecumenical Temple.
  4741 | D:5      | Reached skill level 5 in Fighting
  4741 | D:5      | Reached XP level 8. HP: 68/68 MP: 7/7
  4867 | D:5      | Reached skill level 5 in Polearms
  4947 | D:6      | You fall through a shaft!
  5245 | D:7      | Reached skill level 6 in Axes
  5773 | D:7      | Found a glowing golden altar of the Shining One.
  5969 | D:7      | Reached skill level 7 in Axes
  6087 | D:8      | Reached skill level 8 in Axes
  6088 | D:8      | Reached XP level 9. HP: 42/75 MP: 8/8
  6650 | D:8      | Found a sacrificial altar of Ru.
  6690 | D:8      | Found an opulent altar of Gozag.
  6827 | D:8      | Reached skill level 9 in Axes
  6904 | D:8      | Reached skill level 1 in Stealth
  7101 | D:9      | HP: 1/75 [killer bee (3)]
  7101 | D:9      | Slain by a killer bee

Skill      XL: |  1  2  3  4  5  6  7  8  9 |
---------------+----------------------------+-----
Armour         | 4 5 6 7 |  7.3
Shields        | 4 5 6 7 |  7.7
Fighting       | 4 5 6 |  6.2
Axes           | 3 4 5 8 9 |  9.3
Dodging        | 1 2 |  2.1
Polearms       | 2 4 5 |  5.4
Stealth        | 1 |  1.0

Action                   |  1- 3 |  4- 6 |  7- 9 || total
-------------------------+-------+-------+-------++-------
Melee: War axe           |    87 |    69 |   142 ||   298
       Headbutt          |    13 |    27 |    48 ||    88
       Trident           |       |    80 |    97 ||   177
  Use: Scroll            |       |       |     5 ||     5
       Potion            |       |       |     4 ||     4
  Eat: Chunk             |     1 |     7 |    11 ||    19
       Fruit             |       |     1 |       ||     1
Armor: Scale mail        |    45 |    15 |       ||    60
       Chain mail        |       |    25 |    53 ||    78
       Plate armour      |       |       |    72 ||    72
Dodge: Dodged            |    31 |    40 |    41 ||   112
Block: Shield            |    50 |    60 |   173 ||   283
